 Dungeon Crawl Stone Soup version 0.31-a0-986-g5e6e4ef867 (webtiles) character file.

Game seed: 18071473187967685665

423 saranimal the Ruffian (level 6, -1/45 (48) HPs)
             Began as a Draconian Shapeshifter on Nov 10, 2023.
             Slain by a wight
             ... wielding a +2 war axe
              (4 damage)
             ... on level 7 of the Dungeon.
             The game lasted 00:11:25 (3288 turns).

saranimal the Ruffian (Draconian Shapeshifter)      Turns: 3288, Time: 00:11:26

HP:   -1/45 (48)    AC:  6    Str: 16    XL:     6   Next: 63%
MP:   6/6           EV: 13    Int: 10    God:
Gold: 187           SH:  0    Dex: 13    Spells: 5/5 levels left

rFire   . .          .
                       - Unarmed
rCold   . . .        (no shield)
rNeg    . . .        (body armour unavailable)
rPois   .            (helmet currently unavailable)
rElec   .            (cloak currently unavailable)
rCorr   +            (gloves currently unavailable)
SInv    .            (boots currently unavailable)
Will    .....        (no amulet)
Stlth   ++           k - ring of resist corrosion
HPRegen 0.27/turn    l - +4 ring of slaying
MPRegen 0.10/turn

%: no passive effects
@: beast-form, drained
A: beast (slay +2), AC +6, unfitting armour, cold-blooded
a: Begin Untransformation


You were on level 7 of the Dungeon.
You were a hulking beast.
You visited 1 branch of the dungeon, and saw 5 of its levels.

You collected 187 gold pieces.

Inventory:

Jewellery
 k - a ring of resist corrosion (left hand)
 l - a +4 ring of slaying (right hand)
Talismans
 b - a beast talisman
 c - a flux talisman
 p - a blade talisman
Scrolls
 d - a scroll of blinking {unknown}
 e - 3 scrolls of identify
 n - a scroll of torment {unknown}
 o - a scroll of revelation {unknown}
 q - a scroll of enchant weapon {unknown}
 r - a scroll of immolation {unknown}
Potions
 a - 3 potions of lignification
 f - 2 potions of attraction {unknown}
 g - 2 potions of heal wounds
 h - a potion of ambrosia {unknown}
 i - a potion of magic {unknown}
 j - a potion of degeneration {unknown}
 m - a potion of haste {unknown}


   Skills:
 + Level 1.9 Fighting
 + Level 3.1 Dodging
 + Level 1.4 Stealth
 + Level 5.5 Unarmed Combat
 + Level 4.2 Shapeshifting


You had 5 spell levels left.
You didn't know any spells.
Your spell library contained the following spells:

 Spells                   Type           Power      Damage    Failure   Level
 Foxfire                  Conj/Fire      0%         2x1d4     36%         1
 Kiss of Death            Conj/Necr      0%         2d5       36%         1
 Confusing Touch          Hex            0%         N/A       75%         3
 Dispel Undead            Necr           0%         3d6       98%         4
 Plasma Beam              Fire/Air       0%         2x1d10    100%        6
 Starburst                Conj/Fire      0%         6d3       100%        6


Dungeon Overview and Level Annotations

Branches:
Dungeon (4/15)
 Temple: D:4-7

Altars:
Elyvilon
Trog


Innate Abilities, Weirdness & Mutations

You are a hulking beast.
Your limbs bulge with bestial killing power. (Slay +2)
Your plain brown scales are hard. (AC +6)
You cannot fit into any form of body armour.
You are cold-blooded and may be slowed by cold attacks.


Message History

You kill the orc!
Your life force feels restored.
You hit the orc but do no damage.
The orc is heavily wounded.
The orc hits you but does no damage.
You hit the orc.
You kill the orc!
You hit the wight.
The wight is moderately damaged.
A wight comes into view. It is wielding a +0 battleaxe.
An orc priest comes into view. It is wielding a +0 short sword.
The wight completely misses you. The wight hits you with a +2 war axe!
The orc priest shouts!
There is an open door, spattered with blood here.
Items here: ))) [[ †.
You hit the wight.
The wight is moderately damaged.
The wight hits you with a +2 war axe.
You feel drained.
The orc priest invokes the aid of Beogh against you.
You barely resist. The wight closely misses you.
You hit the wight.
The wight is heavily damaged.
The wight attacks as it pursues you! The wight barely misses you.
The orc priest attacks as it pursues you!
The orc priest closely misses you.
The wight hits you from afar with a +0 trident.
You feel drained.
The orc priest casts a cantrip, but nothing happens.
The wight barely misses you. The wight attacks as it pursues you!
The wight hits you with a +2 war axe! The wight hits you with a +2 war axe!
The orc priest mumbles some strange prayers to Beogh against you.
Pain shoots through your body!
* * * LOW HITPOINT WARNING * * *
The wight attacks as it pursues you! The wight misses you.
You open the door. The wight closely misses you.
The wight hits you from afar with a +0 trident.
* * * LOW HITPOINT WARNING * * *
You feel drained. The wight hits you with a +2 war axe.
You die...

#).....# #......#
#......# ########
#......#
#+##......####......#
................#####
........oz......#...#
........z.z.....#...#
....###h##......#..#
... #....+......)..#
#....#......#.......
#....########.......
#....# #..##..#
###### +..# '## #...
#.... #....


You could see 3 wights and an orc priest.

Vanquished Creatures
  A wight (D:7)
  A howler monkey (D:2)
  2 orc priests
  Jessica (D:2)
  3 orc wizards
  An iguana (D:4)
  Robin (D:2)
  3 adders
  2 worms
  2 dart slugs (D:3)
  14 orcs
  3 bats
  3 endoplasms (D:3)
  2 giant cockroaches
  16 goblins
  8 hobgoblins
  4 jackals (D:1)
  5 kobolds
  4 quokkas
  3 ball pythons
  3 frilled lizards
  7 rats
89 creatures vanquished.

Notes
Turn   | Place    | Note
-------+----------+-------------------------------------------
     0 | D:1      | saranimal the Draconian Shapeshifter began the quest for
                  | the Orb.
     0 | D:1      | Reached XP level 1. HP: 16/16 MP: 1/1
   229 | D:1      | Reached XP level 2. HP: 7/23 MP: 2/2
   575 | D:2      | Noticed Jessica
   651 | D:2      | Killed Jessica
   652 | D:2      | Reached XP level 3. HP: 25/28 MP: 3/3
   666 | D:2      | Noticed Robin
   739 | D:2      | Killed Robin
   740 | D:2      | Reached XP level 4. HP: 27/35 MP: 4/4
   777 | D:2      | Found a faded altar of an unknown god.
   962 | D:2      | Reached skill level 4 in Unarmed Combat
  1326 | D:2      | Reached XP level 5. HP: 35/40 MP: 5/5
  1654 | D:3      | Reached skill level 1 in Stealth
  1996 | D:3      | Found a white marble altar of Elyvilon.
  2143 | D:3      | Found a bloodstained altar of Trog.
  2707 | D:4      | Reached skill level 5 in Unarmed Combat
  2707 | D:4      | Reached XP level 6. HP: 11/48 MP: 6/6
  3175 | D:4      | You fall into a shaft and drop 3 floors!
  3288 | D:7      | Slain by a wight

Illustrated notes

Levels and vault maps discovered:
D:1:      roderic_octagonal_star, layout_rooms
D:2:      layout_basic, hellmonk_ecumenical_altar_arch_garden,
          chequers_serial_rivers_large_b, minmay_pentomino_q4, uniq_robin,
          uniq_jessica
D:3:      layout_loops_ring, lightli_temple_of_fire, lemuel_tele_altar,
          chequers_serial_rivers_small_a
D:4:      layout_rooms, nemelex_diamond_rough_becter, palyth_stone_intersect
D:7:      layout_gridville, mainiacjoe_overflow_24_doors,
          minmay_temple_entry_nine_rooms, uniq_jeremiah

Skill      XL: |  1  2  3  4  5  6 |
---------------+-------------------+-----
Dodging        | 2 3 |  3.1
Unarmed Combat | 4 5 |  5.5
Shapeshifting  | 4 |  4.2
Stealth        | 1 |  1.4
Fighting       | |  1.9

Action                     |  1- 3 |  4- 6 || total
---------------------------+-------+-------++-------
  Melee: Unarmed           |    81 |   145 ||   226
         Tailslap          |     9 |    19 ||    28
         Punch             |     3 |     3 ||     6
    Use: Scroll            |       |     1 ||     1
   Stab: Sleeping          |       |     1 ||     1
 Armour: Skin              |    57 |    75 ||   132
  Dodge: Dodged            |    65 |    68 ||   133

Table legend: (Time is in decaauts)
 A = Elapsed time spent in this place.
 B = Non-inter-level travel time spent in this place.
 C = Inter-level travel time spent in this place.
 D = Time resting spent in this place.
 E = Time spent auto-exploring this place.
 F = Levels seen in this place.
 G = Mean time per level.
                   A        B        C        D        E       F      G
               +--------+--------+--------+--------+--------+-----+--------+
         Total |   3308 |   3238 |     70 |    604 |   1882 |   5 |  661.6 |
       Dungeon |   3308 |   3238 |     70 |    604 |   1882 |   5 |  661.6 |
               +--------+--------+--------+--------+--------+-----+--------+

Top non-repeatable levels by time:
     D:3: 1331 daAuts
     D:2: 945 daAuts
     D:1: 640 daAuts
     D:4: 280 daAuts
     D:7: 111 daAuts
